 Dungeon Crawl Stone Soup version 0.28.0-49-g6dfe1f597d (webtiles) character file.

Game seed: 4569838214594771026

84 Spectrina the Ducker (level 4, -2/27 HPs)
             Began as a Deep Elf Monk on May 14, 2022.
             Was an Elder of Lugonu.
             Slain by a gnoll
             ... wielding a +0 flail
              (6 damage)
             ... on level 3 of the Dungeon.
             The game lasted 00:07:17 (803 turns).

Spectrina the Ducker (Deep Elf Monk)                 Turns: 803, Time: 00:07:17

Health: -2/27      AC:  3    Str: 10    XL:     4   Next: 23%
Magic:  7/7        EV: 13    Int: 15    God:    Lugonu [****..]
Gold:   27         SH:  0    Dex: 17    Spells: 3/3 levels left

rFire   . . .      SeeInvis .   a - +0 spear
rCold   . . .      Faith    .   (no shield)
rNeg    . . .      Spirit   .   b - +0 robe
rPois   .          Reflect  .   (no helmet)
rElec   .          Harm     .   e - +0 cloak
rCorr   .          Rampage  .   (no gloves)
Will    .....                   (no boots)
Stlth   ++........              j - amulet of the acrobat
HPRegen 0.09/turn               (no ring)
MPRegen 0.10/turn               (no ring)

@: no status effects
A: no striking features
a: Renounce Religion, Depart the Abyss, Bend Space, Banish, Corrupt


You were on level 3 of the Dungeon.
You worshipped Lugonu.
Lugonu was greatly pleased with you.
You visited 1 branch of the dungeon, and saw 3 of its levels.

You collected 27 gold pieces.

Inventory:

Hand Weapons
 a - a +0 spear (weapon)
Missiles
 d - 60 stones
 f - 3 curare-tipped darts (quivered)
Armour
 b - a +0 robe (worn)
 e - a +0 cloak (worn)
Magical Staves
 l - a staff of earth
Jewellery
 j - an amulet of the acrobat (around neck)
Scrolls
 g - a scroll of identify {unknown}
 h - a scroll of blinking {unknown}
 i - a scroll of noise {unknown}
 k - a scroll of amnesia {unknown}
 m - a scroll of enchant armour {unknown}
Potions
 c - a potion of might {unknown}
 n - a potion of lignification
 o - a potion of curing


   Skills:
 - Level 2.4 Fighting
 * Level 3.3 Polearms
 - Level 3.6 Dodging
 - Level 2.4 Stealth
 + Level 2.1 Hexes
 + Level 1.4 Invocations


You had 3 spell levels left.
You didn't know any spells.
Your spell library contained the following spells:

 Spells                   Type           Power      Damage    Failure   Level
 Tukima's Dance           Hex            6%         N/A       34%         3
 Passage of Golubria      Tloc           0%         N/A       95%         4
 Yara's Violent Unravell  Hex/Tmut       1%         3d3       99%         5


Dungeon Overview and Level Annotations

Branches:
Dungeon (3/15)

Altars:
Lugonu


Message History

o - a potion of curing
There is an open door here.
Things that are here:
a +0 club; a ball python corpse; a hound corpse
Things that are here:
a +0 whip; a kobold corpse; a hobgoblin corpse
Found a stone staircase leading down.
Unknown command.
A gnoll comes into view. It is wielding a +0 club.
Reach: a) +0 spear
Press: ? - help, Dir - move target, f - gnoll
Aim: a gnoll, wielding a +0 flail (wandering, hasn't noticed you, about 32% to evade your +0 spear)
You reach to attack!
You catch the helpless gnoll completely off-guard!
You hit the gnoll but do no damage.
There is an open door here.
You hit the gnoll.
The gnoll is heavily wounded.
The gnoll closely misses you.
You hit the gnoll but do no damage.
The gnoll is heavily wounded.
The gnoll barely misses you.
You closely miss the gnoll.
The gnoll is heavily wounded.
The gnoll hits you with a +0 flail.
You closely miss the gnoll.
The gnoll is heavily wounded.
The gnoll hits you with a +0 flail.
* * * LOW HITPOINT WARNING * * *
You hit the gnoll.
The gnoll is severely wounded.
The gnoll completely misses you.
Unknown command.
The gnoll shouts!
A gnoll comes into view. It is wielding a +0 flail.
Unknown command.
You hit the gnoll.
The gnoll is almost dead.
The gnoll hits you with a +0 flail.
You die...

#########
##.......########
#..g.#'#.........
#@#.##.##........
#.g.#...#........
#..#######.......
#..# ....... #).#
..'####
#.#########g>.
#)#......)#....
##.'.......#.....
#..#.......#


You could see 2 gnolls.

Vanquished Creatures
  A hound (D:3)
  An adder (D:2)
  A white imp (D:3)
  4 ball pythons
  3 bats
  4 endoplasms
  2 giant cockroaches (D:2)
  4 hobgoblins
  A quokka (D:3)
  3 frilled lizards (D:1)
  A goblin (D:3)
  7 kobolds
  4 rats
36 creatures vanquished.

Vanquished Creatures (others)
  2 fungi (D:1)
2 creatures vanquished.

Grand Total: 38 creatures vanquished

Notes
Turn   | Place    | Note
-------+----------+-------------------------------------------
     0 | D:1      | Spectrina the Deep Elf Monk began the quest for the Orb.
     0 | D:1      | Reached XP level 1. HP: 13/13 MP: 3/3
   110 | D:2      | Reached XP level 2. HP: 11/18 MP: 4/4
   112 | D:2      | Noticed a black bear
   279 | D:1      | Found a faded altar of an unknown god.
   286 | D:1      | Prayed at the altar of an unknown god.
   286 | D:1      | Became a worshipper of Lugonu the Unformed
   286 | D:1      | Reached * piety under Lugonu
   286 | D:1      | Reached ** piety under Lugonu
   286 | D:1      | Reached *** piety under Lugonu
   386 | D:2      | Reached skill level 1 in Hexes
   551 | D:2      | Reached XP level 3. HP: 18/22 MP: 5/5
   725 | D:3      | Reached skill level 1 in Invocations
   725 | D:3      | Reached XP level 4. HP: 13/27 MP: 5/7
   752 | D:3      | Reached **** piety under Lugonu
   803 | D:3      | Slain by a gnoll

Illustrated notes

Levels and vault maps discovered:
D:1:      erik_arrival_triangle_large, layout_loops_ring,
          shapermc_ecumenical_altar_acropolis, glass_columns_a
D:2:      layout_basic, serial_glass, glass_columns_b, glass_columns_a,
          glass_columns_a, glass_columns_c, glass_columns_a, glass_columns_a
D:3:      layout_basic, minmay_tree_intersection, minmay_divided_ellipse

Skill      XL: |  1  2  3  4 |
---------------+-------------+-----
Hexes          | 1 2 |  2.1
Polearms       | 3 |  3.3
Invocations    | 1 |  1.4
Fighting       | |  2.4
Dodging        | |  3.6
Stealth        | |  2.4

Action                   |  1- 3 |  4- 6 || total
-------------------------+-------+-------++-------
Melee: Spear             |   136 |     7 ||   143
       Punch             |     1 |       ||     1
       Unarmed           |     3 |    15 ||    18
  Use: Potion            |     3 |       ||     3
 Stab: Sleeping          |     2 |       ||     2
       Distracted        |     2 |     1 ||     3
Armor: Robe              |    27 |       ||    27
       Skin              |     4 |     9 ||    13
Dodge: Dodged            |    90 |     3 ||    93
